Map: Dusk Towers

Players

HeroMarine - Winner!

  • Race: Terran Terran
  • League: Grandmaster

RotterdaM

  • Race: Protoss Protoss
  • League: Master

Event: Homestory Cup XII

VOD

Have the link to the VOD?

Description

Time

  • Played on: Dec. 18, 2015, 1:34 p.m.
  • Length: 10:13

All games in this series

Show
View Real Time Build Order
Export as new Build Order

HeroMarine Terran - Winner!

Build Orders: MMM Bio 

Get SALT Encoding   

  12  0:00  SCV  
  13  0:12  SCV  
  14  0:17  Supply Depot  
  14  0:24  SCV  
  15  0:39  SCV  
  15  0:40  Barracks  
  16  0:43  Refinery  
  16  0:51  SCV  
  17  1:03  SCV  
  18  1:15  SCV  
  19  1:27  Barracks Reactor, Orbital Command  
  19  1:40  Command Center  
  19  1:49  Supply Depot  
  19  1:53  SCV  
  20  2:03  Marine x2  
  20  2:05  SCV  
  23  2:12  Factory  
  23  2:17  SCV  
  23  2:20  Marine  
  23  2:21  Marine  
  26  2:29  SCV  
  27  2:33  Refinery  
  27  2:38  Marine x2  
  27  2:41  SCV  
  30  2:53  SCV, Orbital Command  
  30  2:55  Factory Tech Lab  
  30  2:58  Starport  
  31  2:59  Marine  
  31  3:02  Marine  
  33  3:06  SCV  
  34  3:18  SCV  
  34  3:19  SCV  
  36  3:21  Supply Depot  
  36  3:22  Cyclone  
  36  3:26  Marine x2  
  41  3:30  SCV  
  41  3:32  SCV  
  43  3:43  SCV  
  43  3:44  SCV, Marine x2  
  43  3:47  Supply Depot  
  47  3:54  Cyclone  
  50  3:56  SCV x2  
  50  4:02  Marine x2  
  54  4:08  Viking  
  54  4:09  Supply Depot  
  56  4:12  SCV  
  56  4:13  SCV  
  58  4:20  Barracks, Marine x2  
  60  4:24  SCV  
  60  4:25  SCV, Liberator  
  62  4:37  SCV x2  
  64  4:43  Marine x2  
  69  4:45  Supply Depot  
  69  4:48  Engineering Bay  
  69  4:49  SCV  
  70  4:54  Supply Depot  
  70  5:07  SCV x2, Refinery  
  70  5:09  Marine x2  
  70  5:14  Stimpack, Marauder  
  76  5:16  Terran Infantry Weapons Level 1  
  76  5:19  SCV x2, Refinery, Missile Turret x2  
  77  5:30  Barracks, Marine x2  
  77  5:31  Starport Reactor  
  77  5:34  SCV  
  82  5:35  Marauder  
  82  5:36  SCV  
  82  5:39  Supply Depot  
  83  5:52  SCV x2, Barracks  
  83  5:53  Barracks  
  83  5:56  Marine  
  86  5:58  Supply Depot  
  86  6:00  Marine  
  86  6:01  Marauder  
  89  6:12  Factory Reactor  
  89  6:13  Command Center  
  89  6:16  Medivac  
  91  6:18  Medivac  
  93  6:26  Marine x2, Marauder  
  93  6:30  Barracks Reactor  
  97  6:34  Supply Depot  
  97  6:37  Supply Depot x2  
  97  6:40  Barracks Tech Lab x2  
  97  6:46  Marine x2  
  99  6:47  Marauder  
  101  6:55  Medivac x2, Widow Mine x2  
  109  7:04  Supply Depot  
  109  7:05  Supply Depot  
  109  7:06  Combat Shields  
  109  7:08  Concussive Shells  
  109  7:14  Marauder x2  
  113  7:16  Marine  
  113  7:20  Marauder  
  113  7:21  Marine  
  117  7:23  Widow Mine x2  
  117  7:27  Medivac  
  123  7:30  Medivac  
  123  7:35  SCV  
  123  7:36  SCV  
  129  7:37  Marauder  
  129  7:39  Marauder  
  129  7:40  Marine x2  
  129  7:42  Marine  
  129  7:43  Marine  
  135  7:46  Terran Infantry Armor Level 1  
  135  7:51  Orbital Command  
  135  7:53  SCV x2  
  135  7:55  Liberator  
  137  8:00  Marauder  
  137  8:01  Marine x2  
  137  8:03  Widow Mine x2  
  145  8:08  SCV  
  145  8:09  SCV, Armory  
  150  8:17  Marauder  
  152  8:20  Marauder  
  152  8:21  SCV x2  
  152  8:24  Marauder  
  152  8:25  Marine, Medivac  
  153  8:29  SCV  
  153  8:33  SCV x2  
  146  8:39  Marine, Marauder  
  146  8:40  Widow Mine  
  143  8:41  Marauder  
  143  8:44  Marine x2  
  143  8:46  Marauder  
  149  8:53  Widow Mine  
  138  8:57  Liberator, Marine  
  138  8:58  Liberator, Marine  
  138  9:00  SCV x2, Marauder  
  140  9:03  Missile Turret, Marauder  
  140  9:04  SCV  
  140  9:07  Engineering Bay, Marauder  
  140  9:08  Widow Mine  
  147  9:12  SCV  
  147  9:13  SCV  
  155  9:18  Marine x2  
  157  9:24  Supply Depot  
  157  9:26  Supply Depot, Refinery  
  157  9:27  Marine  
  157  9:28  Marauder x2  
  157  9:29  Refinery  
  157  9:30  Marine  
  163  9:33  Marine  
  163  9:36  Marine  
  165  9:46  Marine  
  165  9:49  Marauder  
  165  9:50  Marine, Marauder  
  165  9:51  Marauder  
  171  9:55  Supply Depot  
  169  10:00  Command Center  
Show
View Real Time Build Order
Export as new Build Order

RotterdaM Protoss 

Build Orders: 1 Gate Expand, Blink Stalkers 

Get SALT Encoding   

  12  0:01  Probe (Chrono Boost)  
  13  0:11  Probe (Chrono Boost)  
  14  0:17  Pylon  
  14  0:22  Probe (Chrono Boost)  
  15  0:36  Probe (Chrono Boost), Gateway  
  16  0:44  Assimilator  
  16  0:46  Probe (Chrono Boost)  
  18  0:57  Probe (Chrono Boost)  
  18  1:07  Probe (Chrono Boost)  
  19  1:21  Nexus  
  19  1:32  Cybernetics Core  
  19  1:34  Probe (Chrono Boost)  
  20  1:44  Probe (Chrono Boost)  
  20  1:45  Pylon  
  21  1:51  Assimilator  
  21  1:55  Probe (Chrono Boost)  
  22  2:06  Probe (Chrono Boost)  
  22  2:08  Stalker, Warp Gate  
  25  2:16  Probe (Chrono Boost)  
  26  2:27  Probe (Chrono Boost)  
  27  2:33  Twilight Council  
  27  2:36  Probe (Chrono Boost)  
  28  2:37  Probe (Chrono Boost)  
  28  2:40  Stalker  
  31  2:46  Probe (Chrono Boost)  
  31  2:48  Probe (Chrono Boost)  
  33  2:57  Probe (Chrono Boost)  
  34  2:58  Probe (Chrono Boost)  
  34  3:00  Pylon  
  35  3:07  Probe (Chrono Boost)  
  35  3:10  Pylon  
  37  3:14  Mothership Core (Chrono Boost), Blink (Chrono Boost)  
  37  3:18  Probe (Chrono Boost)  
  39  3:28  Probe (Chrono Boost)  
  39  3:32  Probe (Chrono Boost)  
  41  3:34  Forge  
  41  3:39  Probe (Chrono Boost)  
  41  3:40  Pylon  
  42  3:42  Stalker, Probe (Chrono Boost)  
  45  3:49  Probe (Chrono Boost)  
  45  3:53  Probe (Chrono Boost)  
  45  3:55  Assimilator  
  47  3:58  Probe (Chrono Boost)  
  47  4:02  Gateway  
  48  4:05  Probe, Gateway  
  48  4:07  Protoss Ground Armor Level 1 (Chrono Boost)  
  49  4:13  Photon Cannon  
  49  4:15  Probe  
  51  4:17  Probe  
  51  4:27  Probe  
  51  4:30  Stalker  
  54  4:33  Probe  
  54  4:36  Robotics Facility  
  55  4:39  Probe  
  55  4:45  Probe, Pylon  
  57  4:51  Probe  
  58  4:54  Stalker  
  58  4:58  Charge  
  60  5:09  Nexus  
  60  5:10  Pylon  
  60  5:13  Zealot x2  
  64  5:15  Probe x2  
  64  5:19  Pylon  
  66  5:23  Observer  
  66  5:27  Probe x2  
  69  5:29  Pylon  
  69  5:32  Zealot  
  71  5:42  Gateway  
  71  5:43  Gateway  
  71  5:45  Observer  
  71  5:47  Gateway  
  71  5:48  Gateway  
  72  5:54  Gateway  
  72  5:56  Protoss Ground Armor Level 2 (Chrono Boost)  
  72  6:03  Zealot x3  
  78  6:05  Probe  
  78  6:06  Observer  
  78  6:08  Pylon  
  80  6:25  Gateway, Zealot  
  82  6:27  Gateway  
  82  6:28  Observer  
  82  6:30  Pylon  
  82  6:31  Pylon  
  78  6:36  Stalker x2  
  81  6:46  Probe x2  
  83  6:48  Warp Prism  
  85  6:56  Zealot  
  85  6:57  Probe, Zealot x3  
  94  7:12  Zealot x4  
  102  7:21  Templar Archives  
  102  7:25  Zealot x3, Assimilator  
  108  7:31  Zealot x2, Assimilator  
  108  7:34  Zealot  
  114  7:37  Assimilator  
  114  7:38  Probe  
  115  7:47  Stalker x2  
  115  7:49  Probe  
  115  7:50  Probe  
  115  7:51  Probe  
  122  7:57  Zealot x3  
  128  8:01  High Templar x2  
  128  8:02  Probe  
  133  8:07  High Templar x2  
  133  8:09  Archon  
  133  8:11  Archon  
  136  8:16  Zealot x2  
  136  8:19  Zealot  
  140  8:25  Observer  
  133  8:30  Stalker x2  
  121  8:42  Probe x2  
  121  8:46  Warp Prism  
  94  8:56  Stalker x2  
  94  8:57  Stalker x2  
  94  8:58  Probe  
  83  9:09  High Templar x2  
  87  9:13  Zealot x2  
  87  9:14  Zealot  
  93  9:20  Archon  
  93  9:21  Zealot x2  
  97  9:24  Zealot  
  99  9:31  High Templar  
  99  9:32  High Templar  
  99  9:33  Zealot  
  99  9:34  Zealot  
  99  9:36  Archon  
  106  9:39  Zealot  
  106  9:42  Probe  
  105  9:53  Zealot x5  
  105  9:54  Zealot  
  117  10:04  Zealot x4  
Tags
 
Add a new tag
Caveats
  • Supply blocks, unpowered buildings, or Contaminate may cause inaccurate times.
  • Supply counts are checked every 10 seconds.